Edmonton Oilers vs Toronto Maple Leafs
Created - Wednesday, October 25, 2023 at 08:04
Goals
|
| Edmonton Oilers |
0 |
1 |
1 |
2 |
| Toronto Maple Leafs |
1 |
0 |
3 |
4 |
|
Shots
|
| Edmonton Oilers |
15 |
7 |
15 |
37 |
| Toronto Maple Leafs |
7 |
10 |
7 |
24 |
|
1st period
1. Toronto Maple Leafs , Brady Tkachuk 32 (Troy Terry 24) at 7:34 (PP)
Penalties :
Jacob Trouba (EDM) for Goalie Interference (Minor) at 6:01, Brady Tkachuk (TOR) for Cross-checking (Minor) at 14:36
2nd period
2. Edmonton Oilers , Derek Grant 2 (Jakub Voracek 8, Brett Pesce 5) at 2:14
Penalties :
Andrew Mangiapane (TOR) for Hooking (Minor) at 4:37, Trevor Zegras (TOR) for Holding (Minor) at 11:10, Tanner Jeannot (EDM) for Tripping (Minor) at 13:46
3rd period
3. Toronto Maple Leafs , Troy Terry 21 (Trevor Zegras 22, Bowen Byram 2) at 6:01
4. Toronto Maple Leafs , Scott Laughton 14 (Aaron Ekblad 33) at 10:34
5. Edmonton Oilers , Adrian Kempe 24 (Boone Jenner 30, David Perron 13) at 14:59
6. Toronto Maple Leafs , Nicolas Roy 15 (Scott Laughton 28, Nick Bjugstad 6) at 19:50 (Empty Net)
Penalties :
Mario Ferraro (TOR) for Interference (Minor) at 1:34, Brady Tkachuk (TOR) for Fighting (Major) at 7:32, Scott Mayfield (EDM) for Fighting (Major) at 7:32
Goalie Stats
Juuse Saros (EDM), 20 saves from 23 shots - (0.870), L, 16-13-3, 59:10 minutes
Frederik Andersen (TOR), 35 saves from 37 shots - (0.946), W, 21-10-6, 60:00 minutes
Players Stats for Edmonton Oilers
Player Name G A P +/- PIM S H SB GA TA FO MP PP MP PK MP
------------------------------------------------------------------------------------
Adrian Kempe 1 0 1 -1 0 5 2 1 0 1 2/5 18:35 3:09 1:04
Boone Jenner 0 1 1 -1 0 4 1 0 1 0 7/17 18:40 3:09 1:04
Brandon Carlo 0 0 0 -2 0 0 5 4 0 1 0/0 23:54 3:56 1:23
Brett Pesce 0 1 1 1 0 1 0 0 0 1 0/0 15:56 0:00 0:00
Brock Boeser 0 0 0 0 0 1 2 0 0 0 1/1 18:04 3:48 0:00
David Perron 0 1 1 -1 0 7 2 1 0 0 0/1 19:40 3:09 2:28
Dawson Mercer 0 0 0 -1 0 2 0 0 0 0 0/0 13:19 0:55 0:00
Derek Grant 1 0 1 1 0 3 1 0 1 0 0/1 7:49 0:00 0:00
Erik Johnson 0 0 0 1 0 1 0 0 0 1 0/0 15:18 0:00 0:42
Evan Bouchard 0 0 0 0 0 3 1 1 0 1 0/0 22:09 4:00 2:09
Jacob Trouba 0 0 0 -2 2 4 3 0 0 0 0/0 22:45 3:56 0:41
Jake DeBrusk 0 0 0 0 0 0 0 0 1 0 0/0 19:48 3:48 2:28
Jakub Voracek 0 1 1 -1 0 1 1 0 0 0 0/1 12:55 0:29 0:00
Jeff Carter 0 0 0 -1 0 1 2 1 0 1 9/10 13:12 0:34 0:00
Mikael Backlund 0 0 0 0 0 2 0 1 0 0 17/26 17:36 3:48 0:00
Paul Stastny 0 0 0 1 0 0 0 0 0 0 0/0 8:51 0:55 0:00
Scott Mayfield 0 0 0 0 5 1 3 0 0 0 0/0 19:56 4:00 2:09
Tanner Jeannot 0 0 0 1 2 1 4 0 0 0 0/0 7:58 0:04 0:00
Players Stats for Toronto Maple Leafs
Player Name G A P +/- PIM S H SB GA TA FO MP PP MP PK MP
------------------------------------------------------------------------------------
Aaron Ekblad 0 1 1 1 0 1 2 2 0 2 0/0 28:01 2:26 4:29
Andrew Mangiapane 0 0 0 0 2 1 0 0 0 0 0/0 10:36 0:00 0:00
Bowen Byram 0 1 1 1 0 1 0 2 0 0 0/0 14:50 2:26 1:02
Brady Tkachuk 1 0 1 -1 7 4 2 1 1 0 0/1 18:14 1:45 0:37
Brandon Saad 0 0 0 -1 0 2 2 0 0 0 0/0 19:30 1:47 0:42
Cody Ceci 0 0 0 1 0 1 2 2 0 1 0/0 26:01 1:06 4:29
Kyle Okposo 0 0 0 0 0 0 1 0 1 0 0/1 12:09 0:00 2:11
Luke Schenn 0 0 0 1 0 0 0 1 0 0 0/0 12:51 0:00 3:13
Mario Ferraro 0 0 0 -1 2 1 0 3 0 0 0/0 19:23 0:00 2:25
Nick Bjugstad 0 1 1 1 0 1 2 1 1 0 3/9 11:41 0:00 4:21
Nicolas Roy 1 0 1 1 0 1 1 2 0 0 2/5 15:07 0:00 4:21
Nino Niederreiter 0 0 0 0 0 1 0 0 0 0 1/1 8:33 0:00 1:15
Ryan Pulock 0 0 0 -1 0 1 1 0 0 0 0/0 19:08 1:06 0:14
Sam Bennett 0 0 0 -1 0 4 0 0 1 0 12/29 18:43 1:45 0:00
Scott Laughton 1 1 2 2 0 1 2 1 0 0 6/12 19:12 1:47 2:04
Trevor Zegras 0 1 1 1 2 3 2 1 1 0 0/0 15:59 1:47 0:12
Troy Terry 1 1 2 1 0 1 0 0 1 0 2/4 15:44 1:45 0:09
Warren Foegele 0 0 0 0 0 0 1 0 0 0 0/0 6:17 0:00 0:00
3 Stars
1 - Scott Laughton (TOR)
2 - Troy Terry (TOR)
3 - Frederik Andersen (TOR)
Power Play
Edmonton Oilers - 0 on 4 Attempt(s) - 0.00%
Toronto Maple Leafs - 1 on 2 Attempt(s) - 50.00%
Penalty Kill
Edmonton Oilers - 1 on 2 Attempt(s) - 50.00%
- Score 0 goal in Penalty Kill
Toronto Maple Leafs - 4 on 4 Attempt(s) - 100.00%
- Score 0 goal in Penalty Kill
Team Stat
Edmonton Oilers - Hits : 27 - Faceoff Wins : 36 - Blocked Shots : 9 - Penalty Minutes : 9
Toronto Maple Leafs - Hits : 18 - Faceoff Wins : 26 - Blocked Shots : 16 - Penalty Minutes : 13
Official
Referees : Greg Kimmerly and Dennis LaRue
Linesman : Shandor Alphonso and David Brisebois
Game Notes
Brady Tkachuk and Scott Mayfield fight to a draw at 7:32 of 3rd period
Nicolas Roy has scored in a empty net!
Finance
Level 1 -- Attendance: 5723 (95.38%) -- Ticket Income $537,962
Level 2 -- Attendance: 4655 (93.10%) -- Ticket Income $251,370
Level 3 -- Attendance: 2921 (97.37%) -- Ticket Income $96,393
Level 4 -- Attendance: 5000 (100.00%) -- Ticket Income $105,000
Luxury Box -- Attendance: 1000 (100.00%) -- Ticket Income $193,000
Game was played at the Air Canada Centre.
Total Attendance: 19299 (96.50%)
Total Ticket Income: $1,183,725
Other Income: $414,304
Total Income: $1,598,029
Edmonton Oilers
5 vs 5 Forward
Center Left Wing Right Wing Time % Phy DF OF
1 Boone Jenner Adrian Kempe David Perron 30 1 2 2
2 Mikael Backlund Jake DeBrusk Brock Boeser 30 1 2 2
3 Jeff Carter Jakub Voracek Dawson Mercer 25 1 2 2
4 Derek Grant Paul Stastny Tanner Jeannot 15 1 2 2
5 vs 5 Defense
Defense Defense Time % Phy DF OF
1 Jacob Trouba Brandon Carlo 35 1 2 2
2 Evan Bouchard Scott Mayfield 35 1 2 2
3 Brett Pesce Erik Johnson 30 1 2 2
4 Jacob Trouba Brandon Carlo 0 1 2 2
PowerPlay Forward
Center Left Wing Right Wing Time % Phy DF OF
1 Boone Jenner Adrian Kempe David Perron 50 1 2 2
2 Mikael Backlund Jake DeBrusk Brock Boeser 50 1 2 2
PowerPlay Defense
Defense Defense Time % Phy DF OF
1 Jacob Trouba Brandon Carlo 50 1 2 2
2 Evan Bouchard Scott Mayfield 50 1 2 2
Penalty Kill 4 Players Forward
Center Wing Time % Phy DF OF
1 Adrian Kempe Boone Jenner 50 1 2 2
2 David Perron Jake DeBrusk 50 1 2 2
Penalty Kill 4 Players Defense
Defense Defense Time % Phy DF OF
1 Jacob Trouba Brandon Carlo 50 1 2 2
2 Evan Bouchard Scott Mayfield 50 1 2 2
Penalty Kill - 3 Players Forward
Forward Time % Phy DF OF
1 Adrian Kempe 50 1 2 2
2 Boone Jenner 50 1 2 2
Penalty Kill - 3 Players Defense
Defense Defense Time % Phy DF OF
1 Jacob Trouba Brandon Carlo 50 1 2 2
2 Evan Bouchard Scott Mayfield 50 1 2 2
4 vs 4 Forward
Center Wing Time % Phy DF OF
1 Adrian Kempe Boone Jenner 50 1 2 2
2 David Perron Jake DeBrusk 50 1 2 2
4 vs 4 Defense
Defense Defense Time % Phy DF OF
1 Jacob Trouba Brandon Carlo 50 1 2 2
2 Evan Bouchard Scott Mayfield 50 1 2 2
Last Minutes Offensive
Center Left Wing Right Wing Defense Defense
Boone Jenner Adrian Kempe David Perron Jacob Trouba Brandon Carlo
Last Minutes Defensive
Center Left Wing Right Wing Defense Defense
Boone Jenner Adrian Kempe David Perron Jacob Trouba Brandon Carlo
Goaltenders
Starting : Juuse Saros
Backup : Matt Murray
Extra Forwards
Normal : Paul Stastny, Jeff Carter, Dawson Mercer - PP : Paul Stastny, Jeff Carter - PK : Dawson Mercer
Extra Defensemen
Normal : Brett Pesce, Erik Johnson, Evan Bouchard - PP : Brett Pesce - PK : Erik Johnson, Evan Bouchard
Penalty Shots
Adrian Kempe, Boone Jenner, David Perron, Jake DeBrusk, Mikael Backlund
Toronto Maple Leafs
5 vs 5 Forward
Center Left Wing Right Wing Time % Phy DF OF
1 Sam Bennett Brady Tkachuk Brandon Saad 40 1 2 2
2 Scott Laughton Trevor Zegras Troy Terry 30 1 2 2
3 Nicolas Roy Andrew Mangiapane Kyle Okposo 20 1 2 2
4 Nick Bjugstad Warren Foegele Nino Niederreiter 10 1 2 2
5 vs 5 Defense
Defense Defense Time % Phy DF OF
1 Aaron Ekblad Cody Ceci 40 1 2 2
2 Mario Ferraro Ryan Pulock 30 1 2 2
3 Bowen Byram Luke Schenn 20 1 2 2
4 Mario Ferraro Ryan Pulock 10 1 2 2
PowerPlay Forward
Center Left Wing Right Wing Time % Phy DF OF
1 Sam Bennett Brady Tkachuk Troy Terry 60 1 2 2
2 Scott Laughton Trevor Zegras Brandon Saad 40 1 2 2
PowerPlay Defense
Defense Defense Time % Phy DF OF
1 Aaron Ekblad Bowen Byram 60 1 2 2
2 Cody Ceci Ryan Pulock 40 1 2 2
Penalty Kill 4 Players Forward
Center Wing Time % Phy DF OF
1 Nick Bjugstad Nicolas Roy 60 1 2 2
2 Scott Laughton Kyle Okposo 40 1 2 2
Penalty Kill 4 Players Defense
Defense Defense Time % Phy DF OF
1 Aaron Ekblad Cody Ceci 60 1 2 2
2 Mario Ferraro Luke Schenn 40 1 2 2
Penalty Kill - 3 Players Forward
Forward Time % Phy DF OF
1 Nick Bjugstad 60 1 2 2
2 Scott Laughton 40 1 2 2
Penalty Kill - 3 Players Defense
Defense Defense Time % Phy DF OF
1 Aaron Ekblad Cody Ceci 60 1 2 2
2 Mario Ferraro Luke Schenn 40 1 2 2
4 vs 4 Forward
Center Wing Time % Phy DF OF
1 Scott Laughton Troy Terry 60 1 2 2
2 Nicolas Roy Trevor Zegras 40 1 2 2
4 vs 4 Defense
Defense Defense Time % Phy DF OF
1 Mario Ferraro Ryan Pulock 60 1 2 2
2 Aaron Ekblad Cody Ceci 40 1 2 2
Last Minutes Offensive
Center Left Wing Right Wing Defense Defense
Sam Bennett Brady Tkachuk Troy Terry Aaron Ekblad Bowen Byram
Last Minutes Defensive
Center Left Wing Right Wing Defense Defense
Nick Bjugstad Scott Laughton Nicolas Roy Aaron Ekblad Cody Ceci
Goaltenders
Starting : Frederik Andersen
Backup : Cam Talbot
Extra Forwards
Normal : Andrew Mangiapane, Nicolas Roy, Nino Niederreiter - PP : Andrew Mangiapane, Nicolas Roy - PK : Nino Niederreiter
Extra Defensemen
Normal : Mario Ferraro, Luke Schenn, Bowen Byram - PP : Mario Ferraro - PK : Luke Schenn, Bowen Byram
Penalty Shots
Trevor Zegras, Kyle Okposo, Nick Bjugstad, Nicolas Roy, Troy Terry
% Time on Ice - Edmonton Oilers
Lines # - Real PCT - Wanted PCT - Time Play
Normal Forward
1 - 29% - 30% - 13:40
2 - 29% - 30% - 13:48
3 - 26% - 25% - 12:15
4 - 16% - 15% - 7:49
Normal Defense
1 - 35% - 35% - 16:43
2 - 34% - 35% - 16:00
3 - 30% - 30% - 14:23
4 - 1% - 0% - 0:26
PP Forward
1 - 42% - 50% - 3:20
2 - 58% - 50% - 4:36
PP Defense
1 - 50% - 50% - 3:56
2 - 50% - 50% - 4:00
PK Forward
1 - 30% - 50% - 1:04
2 - 70% - 50% - 2:28
PK Defense
1 - 39% - 50% - 1:23
2 - 61% - 50% - 2:09
PK3 Forward
1 - 0% - 50%
2 - 0% - 50%
PK3 Defense
1 - 0% - 50%
2 - 0% - 50%
44 Forward
1 - 0% - 50%
2 - 0% - 50%
44 Defense
1 - 0% - 50%
2 - 0% - 50%
Last Minute Offensive - 1:00
Last Minute Defensive - 0:00
Total
Forward - 60:00
Defense - 60:00
|
% Time on Ice - Toronto Maple Leafs
Lines # - Real PCT - Wanted PCT - Time Play
Normal Forward
1 - 37% - 40% - 17:21
2 - 30% - 30% - 14:18
3 - 20% - 20% - 9:33
4 - 13% - 10% - 6:17
Normal Defense
1 - 44% - 40% - 20:44
2 - 31% - 30% - 14:46
3 - 19% - 20% - 8:57
4 - 6% - 10% - 3:02
PP Forward
1 - 50% - 60% - 1:45
2 - 50% - 40% - 1:47
PP Defense
1 - 69% - 60% - 2:26
2 - 31% - 40% - 1:06
PK Forward
1 - 72% - 60% - 5:45
2 - 28% - 40% - 2:11
PK Defense
1 - 59% - 60% - 4:43
2 - 41% - 40% - 3:13
PK3 Forward
1 - 0% - 60%
2 - 0% - 40%
PK3 Defense
1 - 0% - 60%
2 - 0% - 40%
44 Forward
1 - 0% - 60%
2 - 0% - 40%
44 Defense
1 - 0% - 60%
2 - 0% - 40%
Last Minute Offensive - 0:00
Last Minute Defensive - 1:03
Total
Forward - 60:00
Defense - 60:00
|
Play-by-Play
1st period
0:01 of 1st period - Boone Jenner wins face-off versus Sam Bennett in neutral zone.
0:03 of 1st period - Off-side.
0:04 of 1st period - Sam Bennett wins face-off versus Boone Jenner in neutral zone.
0:37 of 1st period - Slapshot by Brock Boeser.
0:37 of 1st period - Stopped by Frederik Andersen with a rebound.
1:01 of 1st period - Backhand shot by Jakub Voracek.
1:01 of 1st period - Stopped by Frederik Andersen with a rebound.
1:39 of 1st period - Slapshot by Adrian Kempe.
1:39 of 1st period - Shot Misses the Net.
1:41 of 1st period - Snap shot by Scott Mayfield.
1:41 of 1st period - Shot Blocked by Mario Ferraro.
1:43 of 1st period - Slapshot by Evan Bouchard.
1:43 of 1st period - Deflect By Ryan Pulock.
1:43 of 1st period - Stopped by Frederik Andersen without a rebound.
1:44 of 1st period - Scott Laughton wins face-off versus Mikael Backlund in Toronto Maple Leafs zone.
2:16 of 1st period - Snap shot by Jacob Trouba.
2:16 of 1st period - Stopped by Frederik Andersen with a rebound.
2:20 of 1st period - Slapshot by Dawson Mercer.
2:20 of 1st period - Shot Misses the Net.
3:02 of 1st period - Slapshot by Paul Stastny.
3:02 of 1st period - Shot Misses the Net.
3:04 of 1st period - Snap shot by Tanner Jeannot.
3:04 of 1st period - Deflect By Derek Grant.
3:04 of 1st period - Shot Misses the Net.
3:04 of 1st period - Puck is out of play.
3:05 of 1st period - Sam Bennett wins face-off versus Mikael Backlund in Toronto Maple Leafs zone.
4:07 of 1st period - Wrist shot by Boone Jenner.
4:07 of 1st period - Deflect By David Perron.
4:07 of 1st period - Stopped by Frederik Andersen with a rebound.
4:09 of 1st period - Slapshot by Evan Bouchard.
4:09 of 1st period - Stopped by Frederik Andersen with a rebound.
4:26 of 1st period - Ryan Pulock is hit by Tanner Jeannot and loses puck.
4:59 of 1st period - Mario Ferraro is hit by Jacob Trouba and loses puck.
5:08 of 1st period - Snap shot by Jakub Voracek.
5:08 of 1st period - Shot Misses the Net.
5:17 of 1st period - Icing by Jacob Trouba.
5:18 of 1st period - Jeff Carter wins face-off versus Scott Laughton in Edmonton Oilers zone.
5:41 of 1st period - Scott Laughton is hit by Brock Boeser and loses puck.
6:01 of 1st period - Minor Penalty to Jacob Trouba for Goalie Interference.
6:02 of 1st period - Adrian Kempe wins face-off versus Sam Bennett in Edmonton Oilers zone.
6:26 of 1st period - Jake DeBrusk is hit by Trevor Zegras.
6:40 of 1st period - Adrian Kempe is hit by Scott Laughton and loses puck.
7:05 of 1st period - Snap shot by Trevor Zegras.
7:05 of 1st period - Shot Blocked by Brandon Carlo.
7:16 of 1st period - Off-side.
7:17 of 1st period - Troy Terry wins face-off versus David Perron in neutral zone.
7:34 of 1st period - Backhand shot by Brady Tkachuk.
7:34 of 1st period - Goal by Brady Tkachuk - Edmonton Oilers : 0 - Toronto Maple Leafs : 1.
7:35 of 1st period - Boone Jenner wins face-off versus Nicolas Roy in neutral zone.
8:00 of 1st period - Mario Ferraro is hit by Scott Mayfield and loses puck.
8:18 of 1st period - Icing by Mario Ferraro.
8:19 of 1st period - Mikael Backlund wins face-off versus Scott Laughton in Toronto Maple Leafs zone.
8:53 of 1st period - Snap shot by Brady Tkachuk.
8:53 of 1st period - Stopped by Juuse Saros without a rebound.
8:54 of 1st period - Sam Bennett wins face-off versus Boone Jenner in Edmonton Oilers zone.
8:55 of 1st period - Slapshot by Brady Tkachuk.
8:55 of 1st period - Shot Misses the Net.
8:59 of 1st period - Snap shot by Sam Bennett.
8:59 of 1st period - Stopped by Juuse Saros with a rebound.
9:01 of 1st period - Snap shot by Brandon Saad.
9:01 of 1st period - Stopped by Juuse Saros without a rebound.
9:02 of 1st period - Sam Bennett wins face-off versus Boone Jenner in Edmonton Oilers zone.
9:03 of 1st period - Snap shot by Brady Tkachuk.
9:03 of 1st period - Shot Misses the Net.
10:11 of 1st period - Snap shot by Boone Jenner.
10:11 of 1st period - Stopped by Frederik Andersen without a rebound.
10:12 of 1st period - Jeff Carter wins face-off versus Nicolas Roy in Toronto Maple Leafs zone.
11:05 of 1st period - Snap shot by Nino Niederreiter.
11:05 of 1st period - Deflect By Nick Bjugstad.
11:05 of 1st period - Stopped by Juuse Saros with a rebound.
11:07 of 1st period - Snap shot by Ryan Pulock.
11:07 of 1st period - Stopped by Juuse Saros without a rebound.
11:08 of 1st period - Nicolas Roy wins face-off versus Jakub Voracek in Edmonton Oilers zone.
11:24 of 1st period - Wrist shot by Dawson Mercer.
11:24 of 1st period - Stopped by Frederik Andersen with a rebound.
11:34 of 1st period - Luke Schenn is hit by Jacob Trouba and loses puck.
12:21 of 1st period - Off-side.
12:22 of 1st period - Sam Bennett wins face-off versus Boone Jenner in neutral zone.
13:33 of 1st period - Slapshot by Trevor Zegras.
13:33 of 1st period - Shot Misses the Net.
13:43 of 1st period - Wrist shot by David Perron.
13:43 of 1st period - Shot Misses the Net.
13:45 of 1st period - Snap shot by Erik Johnson.
13:45 of 1st period - Shot Blocked by Trevor Zegras.
13:59 of 1st period - Wrist shot by Boone Jenner.
13:59 of 1st period - Stopped by Frederik Andersen with a rebound.
14:01 of 1st period - Slapshot by Brett Pesce.
14:01 of 1st period - Shot Blocked by Cody Ceci.
14:03 of 1st period - Wrist shot by Erik Johnson.
14:03 of 1st period - Shot Blocked by Aaron Ekblad.
14:05 of 1st period - Slapshot by Erik Johnson.
14:05 of 1st period - Shot Misses the Net.
14:17 of 1st period - Snap shot by Adrian Kempe.
14:17 of 1st period - Stopped by Frederik Andersen with a rebound.
14:19 of 1st period - Slapshot by Brett Pesce.
14:19 of 1st period - Stopped by Frederik Andersen with a rebound.
14:21 of 1st period - Snap shot by Adrian Kempe.
14:21 of 1st period - Shot Misses the Net.
14:23 of 1st period - Wrist shot by David Perron.
14:23 of 1st period - Stopped by Frederik Andersen with a rebound.
14:25 of 1st period - Slapshot by Adrian Kempe.
14:25 of 1st period - Stopped by Frederik Andersen with a rebound.
14:27 of 1st period - Snap shot by Erik Johnson.
14:27 of 1st period - Stopped by Frederik Andersen with a rebound.
14:29 of 1st period - Slapshot by Brett Pesce.
14:29 of 1st period - Shot Blocked by Aaron Ekblad.
14:33 of 1st period - Snap shot by Adrian Kempe.
14:33 of 1st period - Stopped by Frederik Andersen without a rebound.
14:34 of 1st period - Sam Bennett wins face-off versus Mikael Backlund in Toronto Maple Leafs zone.
14:36 of 1st period - Minor Penalty to Brady Tkachuk for Cross-checking.
14:37 of 1st period - Nicolas Roy wins face-off versus Mikael Backlund in Toronto Maple Leafs zone.
14:37 of 1st period - Nicolas Roy is hit by Brock Boeser.
14:46 of 1st period - Slapshot by Nick Bjugstad.
14:46 of 1st period - Shot Misses the Net.
15:39 of 1st period - Brandon Saad is hit by Jacob Trouba and loses puck.
16:36 of 1st period - Penalty to Brady Tkachuk is over, Brady Tkachuk is back on ice.
16:37 of 1st period - Nino Niederreiter is hit by Scott Mayfield and loses puck.
18:32 of 1st period - Slapshot by Trevor Zegras.
18:32 of 1st period - Shot Misses the Net.
18:34 of 1st period - Slapshot by Aaron Ekblad.
18:34 of 1st period - Stopped by Juuse Saros without a rebound.
18:35 of 1st period - Jeff Carter wins face-off versus Scott Laughton in Edmonton Oilers zone.
19:35 of 1st period - Erik Johnson is hit by Kyle Okposo and loses puck.
Goals for this period are 0 for Edmonton Oilers vs 1 for Toronto Maple Leafs.
Shots for this period are 15 for Edmonton Oilers vs 7 for Toronto Maple Leafs.
2nd period
0:01 of 2nd period - Mikael Backlund wins face-off versus Brady Tkachuk in neutral zone.
0:36 of 2nd period - Wrist shot by Nicolas Roy.
0:36 of 2nd period - Deflect By Andrew Mangiapane.
0:36 of 2nd period - Stopped by Juuse Saros with a rebound.
1:19 of 2nd period - Snap shot by David Perron.
1:19 of 2nd period - Shot Misses the Net.
1:50 of 2nd period - Snap shot by Nicolas Roy.
1:50 of 2nd period - Shot Misses the Net.
2:10 of 2nd period - Slapshot by Derek Grant.
2:10 of 2nd period - Shot Blocked by Mario Ferraro.
2:12 of 2nd period - Slapshot by Derek Grant.
2:12 of 2nd period - Shot Misses the Net.
2:14 of 2nd period - Slapshot by Derek Grant.
2:14 of 2nd period - Goal by Derek Grant - Edmonton Oilers : 1 - Toronto Maple Leafs : 1.
2:15 of 2nd period - Sam Bennett wins face-off versus Mikael Backlund in neutral zone.
2:49 of 2nd period - Off-side.
2:50 of 2nd period - Jeff Carter wins face-off versus Kyle Okposo in neutral zone.
2:59 of 2nd period - Snap shot by Andrew Mangiapane.
2:59 of 2nd period - Shot Misses the Net.
3:01 of 2nd period - Slapshot by Bowen Byram.
3:01 of 2nd period - Shot Misses the Net.
3:03 of 2nd period - Backhand shot by Luke Schenn.
3:03 of 2nd period - Shot Misses the Net.
3:05 of 2nd period - Snap shot by Kyle Okposo.
3:05 of 2nd period - Shot Misses the Net.
3:22 of 2nd period - Brock Boeser is hit by Ryan Pulock and loses puck.
3:29 of 2nd period - Ryan Pulock is hit by Scott Mayfield and loses puck.
3:40 of 2nd period - Jacob Trouba is hit by Brandon Saad.
3:41 of 2nd period - Icing by Jacob Trouba.
3:42 of 2nd period - Sam Bennett wins face-off versus Boone Jenner in Edmonton Oilers zone.
3:49 of 2nd period - Slapshot by Brandon Saad.
3:49 of 2nd period - Shot Misses the Net.
3:51 of 2nd period - Backhand shot by Brady Tkachuk.
3:51 of 2nd period - Stopped by Juuse Saros without a rebound.
3:52 of 2nd period - Brock Boeser wins face-off versus Sam Bennett in Edmonton Oilers zone.
3:57 of 2nd period - Snap shot by Sam Bennett.
3:57 of 2nd period - Deflect By Brady Tkachuk.
3:57 of 2nd period - Shot Blocked by Mikael Backlund.
3:57 of 2nd period - Puck is out of play.
3:58 of 2nd period - Mikael Backlund wins face-off versus Sam Bennett in Edmonton Oilers zone.
4:09 of 2nd period - Snap shot by Sam Bennett.
4:09 of 2nd period - Stopped by Juuse Saros without a rebound.
4:10 of 2nd period - Mikael Backlund wins face-off versus Sam Bennett in Edmonton Oilers zone.
4:10 of 2nd period - Mikael Backlund is hit by Brady Tkachuk.
4:37 of 2nd period - Minor Penalty to Andrew Mangiapane for Hooking.
4:38 of 2nd period - Nick Bjugstad wins face-off versus Boone Jenner in Toronto Maple Leafs zone.
4:49 of 2nd period - Jacob Trouba is hit by Nick Bjugstad.
5:56 of 2nd period - Icing by David Perron.
5:57 of 2nd period - Nino Niederreiter wins face-off versus Adrian Kempe in Edmonton Oilers zone.
6:02 of 2nd period - Wrist shot by Brady Tkachuk.
6:02 of 2nd period - Shot Misses the Net.
6:04 of 2nd period - Slapshot by Mario Ferraro.
6:04 of 2nd period - Deflect By Adrian Kempe.
6:04 of 2nd period - Stopped by Juuse Saros without a rebound.
6:05 of 2nd period - Mikael Backlund wins face-off versus Nick Bjugstad in Edmonton Oilers zone.
6:05 of 2nd period - Mikael Backlund is hit by Cody Ceci.
6:37 of 2nd period - Penalty to Andrew Mangiapane is over, Andrew Mangiapane is back on ice.
7:51 of 2nd period - Wrist shot by Boone Jenner.
7:51 of 2nd period - Stopped by Frederik Andersen without a rebound.
7:52 of 2nd period - Boone Jenner wins face-off versus Troy Terry in Toronto Maple Leafs zone.
7:57 of 2nd period - Slapshot by David Perron.
7:57 of 2nd period - Stopped by Frederik Andersen without a rebound.
7:58 of 2nd period - Sam Bennett wins face-off versus Mikael Backlund in Toronto Maple Leafs zone.
8:39 of 2nd period - Jacob Trouba is hit by Nicolas Roy and loses puck.
8:54 of 2nd period - Wrist shot by Tanner Jeannot.
8:54 of 2nd period - Stopped by Frederik Andersen with a rebound.
8:56 of 2nd period - Wrist shot by Evan Bouchard.
8:56 of 2nd period - Shot Blocked by Nicolas Roy.
9:02 of 2nd period - Wrist shot by Derek Grant.
9:02 of 2nd period - Shot Misses the Net.
9:04 of 2nd period - Snap shot by Derek Grant.
9:04 of 2nd period - Stopped by Frederik Andersen without a rebound.
9:05 of 2nd period - Mikael Backlund wins face-off versus Sam Bennett in Toronto Maple Leafs zone.
9:16 of 2nd period - Snap shot by Sam Bennett.
9:16 of 2nd period - Stopped by Juuse Saros with a rebound.
9:18 of 2nd period - Slapshot by Brandon Saad.
9:18 of 2nd period - Stopped by Juuse Saros without a rebound.
9:19 of 2nd period - Jeff Carter wins face-off versus Sam Bennett in Edmonton Oilers zone.
9:26 of 2nd period - Snap shot by Jacob Trouba.
9:26 of 2nd period - Stopped by Frederik Andersen with a rebound.
9:28 of 2nd period - Slapshot by Jacob Trouba.
9:28 of 2nd period - Shot Blocked by Bowen Byram.
9:44 of 2nd period - Sam Bennett is hit by Boone Jenner and loses puck.
10:03 of 2nd period - Slapshot by Brady Tkachuk.
10:03 of 2nd period - Shot Blocked by Evan Bouchard.
10:11 of 2nd period - Snap shot by David Perron.
10:11 of 2nd period - Shot Blocked by Luke Schenn.
10:46 of 2nd period - Slapshot by Sam Bennett.
10:46 of 2nd period - Shot Misses the Net.
10:48 of 2nd period - Slapshot by Sam Bennett.
10:48 of 2nd period - Shot Misses the Net.
10:50 of 2nd period - Slapshot by Luke Schenn.
10:50 of 2nd period - Shot Misses the Net.
10:52 of 2nd period - Slapshot by Luke Schenn.
10:52 of 2nd period - Shot Misses the Net.
10:54 of 2nd period - Slapshot by Bowen Byram.
10:54 of 2nd period - Stopped by Juuse Saros with a rebound.
10:56 of 2nd period - Slapshot by Luke Schenn.
10:56 of 2nd period - Deflect By Brady Tkachuk.
10:56 of 2nd period - Shot Misses the Net.
10:56 of 2nd period - Puck is out of play.
10:57 of 2nd period - Mikael Backlund wins face-off versus Scott Laughton in Edmonton Oilers zone.
10:57 of 2nd period - Mikael Backlund is hit by Cody Ceci.
11:10 of 2nd period - Minor Penalty to Trevor Zegras for Holding.
11:11 of 2nd period - Mikael Backlund wins face-off versus Nick Bjugstad in Toronto Maple Leafs zone.
11:50 of 2nd period - Icing by Jacob Trouba.
11:51 of 2nd period - Nick Bjugstad wins face-off versus Boone Jenner in Edmonton Oilers zone.
13:10 of 2nd period - Penalty to Trevor Zegras is over, Trevor Zegras is back on ice.
13:24 of 2nd period - Snap shot by Sam Bennett.
13:24 of 2nd period - Shot Misses the Net.
13:38 of 2nd period - Snap shot by Trevor Zegras.
13:38 of 2nd period - Stopped by Juuse Saros with a rebound.
13:46 of 2nd period - Minor Penalty to Tanner Jeannot for Tripping.
13:47 of 2nd period - Troy Terry wins face-off versus Adrian Kempe in Edmonton Oilers zone.
14:10 of 2nd period - Jacob Trouba is hit by Aaron Ekblad and loses puck.
14:27 of 2nd period - Wrist shot by Brady Tkachuk.
14:27 of 2nd period - Stopped by Juuse Saros without a rebound.
14:28 of 2nd period - Scott Laughton wins face-off versus Adrian Kempe in Edmonton Oilers zone.
14:39 of 2nd period - Slapshot by Trevor Zegras.
14:39 of 2nd period - Stopped by Juuse Saros without a rebound.
14:40 of 2nd period - Adrian Kempe wins face-off versus Scott Laughton in Edmonton Oilers zone.
15:09 of 2nd period - Slapshot by Troy Terry.
15:09 of 2nd period - Shot Blocked by David Perron.
15:46 of 2nd period - Penalty to Tanner Jeannot is over, Tanner Jeannot is back on ice.
15:55 of 2nd period - Slapshot by Dawson Mercer.
15:55 of 2nd period - Stopped by Frederik Andersen with a rebound.
16:15 of 2nd period - Brandon Carlo is hit by Nick Bjugstad and loses puck.
16:37 of 2nd period - Nicolas Roy is hit by Brandon Carlo.
16:51 of 2nd period - Snap shot by Brock Boeser.
16:51 of 2nd period - Shot Blocked by Scott Laughton.
17:15 of 2nd period - Icing by Brett Pesce.
17:16 of 2nd period - Scott Laughton wins face-off versus Boone Jenner in Edmonton Oilers zone.
17:19 of 2nd period - Slapshot by Troy Terry.
17:19 of 2nd period - Shot Misses the Net.
17:21 of 2nd period - Wrist shot by Aaron Ekblad.
17:21 of 2nd period - Deflect By Trevor Zegras.
17:21 of 2nd period - Shot Misses the Net.
17:21 of 2nd period - Puck is out of play.
17:22 of 2nd period - Jeff Carter wins face-off versus Troy Terry in Edmonton Oilers zone.
17:54 of 2nd period - Aaron Ekblad is hit by Brandon Carlo and loses puck.
18:03 of 2nd period - Cody Ceci is hit by Brandon Carlo.
18:33 of 2nd period - Nicolas Roy is hit by Tanner Jeannot and loses puck.
19:52 of 2nd period - Bowen Byram is hit by Jakub Voracek and loses puck.
Goals for this period are 1 for Edmonton Oilers vs 0 for Toronto Maple Leafs.
Shots for this period are 7 for Edmonton Oilers vs 10 for Toronto Maple Leafs.
3rd period
0:01 of 3rd period - Mikael Backlund wins face-off versus Sam Bennett in neutral zone.
0:08 of 3rd period - Snap shot by Sam Bennett.
0:08 of 3rd period - Stopped by Juuse Saros without a rebound.
0:09 of 3rd period - Mikael Backlund wins face-off versus Sam Bennett in Edmonton Oilers zone.
0:09 of 3rd period - Mikael Backlund is hit by Brady Tkachuk.
0:18 of 3rd period - Off-side.
0:19 of 3rd period - Sam Bennett wins face-off versus Mikael Backlund in neutral zone.
1:34 of 3rd period - Minor Penalty to Mario Ferraro for Interference.
1:35 of 3rd period - Boone Jenner wins face-off versus Nick Bjugstad in Toronto Maple Leafs zone.
1:52 of 3rd period - Nicolas Roy is hit by David Perron and loses puck.
2:43 of 3rd period - Wrist shot by David Perron.
2:43 of 3rd period - Stopped by Frederik Andersen with a rebound.
2:45 of 3rd period - Wrist shot by Evan Bouchard.
2:45 of 3rd period - Stopped by Frederik Andersen without a rebound.
2:46 of 3rd period - Mikael Backlund wins face-off versus Nick Bjugstad in Toronto Maple Leafs zone.
3:33 of 3rd period - Bowen Byram is hit by Jeff Carter and loses puck.
3:34 of 3rd period - Penalty to Mario Ferraro is over, Mario Ferraro is back on ice.
3:42 of 3rd period - Snap shot by Dawson Mercer.
3:42 of 3rd period - Shot Blocked by Brady Tkachuk.
3:51 of 3rd period - Off-side.
3:52 of 3rd period - Scott Laughton wins face-off versus Derek Grant in neutral zone.
3:57 of 3rd period - Wrist shot by Trevor Zegras.
3:57 of 3rd period - Shot Misses the Net.
4:15 of 3rd period - Jeff Carter is hit by Aaron Ekblad and loses puck.
5:24 of 3rd period - Slapshot by Nino Niederreiter.
5:24 of 3rd period - Stopped by Juuse Saros without a rebound.
5:25 of 3rd period - Mikael Backlund wins face-off versus Sam Bennett in Edmonton Oilers zone.
5:57 of 3rd period - Slapshot by Bowen Byram.
5:57 of 3rd period - Shot Misses the Net.
5:59 of 3rd period - Snap shot by Trevor Zegras.
5:59 of 3rd period - Shot Misses the Net.
6:01 of 3rd period - Snap shot by Troy Terry.
6:01 of 3rd period - Goal by Troy Terry - Edmonton Oilers : 1 - Toronto Maple Leafs : 2.
6:02 of 3rd period - Sam Bennett wins face-off versus Mikael Backlund in neutral zone.
6:05 of 3rd period - Jake DeBrusk is hit by Brandon Saad and loses puck.
6:09 of 3rd period - Icing by Brock Boeser.
6:10 of 3rd period - Sam Bennett wins face-off versus Mikael Backlund in Edmonton Oilers zone.
6:23 of 3rd period - Wrist shot by Mikael Backlund.
6:23 of 3rd period - Stopped by Frederik Andersen with a rebound.
6:25 of 3rd period - Wrist shot by Brock Boeser.
6:25 of 3rd period - Shot Misses the Net.
6:35 of 3rd period - Snap shot by David Perron.
6:35 of 3rd period - Stopped by Frederik Andersen without a rebound.
6:36 of 3rd period - Scott Laughton wins face-off versus Boone Jenner in Toronto Maple Leafs zone.
6:36 of 3rd period - Scott Laughton is hit by David Perron.
6:48 of 3rd period - Snap shot by Trevor Zegras.
6:48 of 3rd period - Stopped by Juuse Saros with a rebound.
6:50 of 3rd period - Snap shot by Mario Ferraro.
6:50 of 3rd period - Shot Blocked by Brandon Carlo.
7:02 of 3rd period - Kyle Okposo is hit by Brandon Carlo and loses puck.
7:23 of 3rd period - Wrist shot by Brady Tkachuk.
7:23 of 3rd period - Shot Blocked by Jeff Carter.
7:25 of 3rd period - Slapshot by Brandon Saad.
7:25 of 3rd period - Shot Misses the Net.
7:27 of 3rd period - Slapshot by Cody Ceci.
7:27 of 3rd period - Stopped by Juuse Saros without a rebound.
7:28 of 3rd period - Jeff Carter wins face-off versus Sam Bennett in Edmonton Oilers zone.
7:32 of 3rd period - Brady Tkachuk and Scott Mayfield fight to a draw.
7:32 of 3rd period - Penalty to Brady Tkachuk for Fighting.
7:32 of 3rd period - Penalty to Scott Mayfield for Fighting.
7:33 of 3rd period - Mikael Backlund wins face-off versus Sam Bennett in neutral zone.
8:24 of 3rd period - David Perron is hit by Warren Foegele.
8:50 of 3rd period - Aaron Ekblad is hit by Tanner Jeannot and loses puck.
8:58 of 3rd period - Icing by Kyle Okposo.
8:59 of 3rd period - Mikael Backlund wins face-off versus Sam Bennett in Toronto Maple Leafs zone.
9:08 of 3rd period - Snap shot by Brock Boeser.
9:08 of 3rd period - Shot Misses the Net.
9:27 of 3rd period - Icing by Scott Laughton.
9:28 of 3rd period - Jeff Carter wins face-off versus Scott Laughton in Toronto Maple Leafs zone.
9:41 of 3rd period - Dawson Mercer is hit by Scott Laughton.
10:05 of 3rd period - Cody Ceci is hit by Jeff Carter and loses puck.
10:11 of 3rd period - Aaron Ekblad is hit by Brandon Carlo.
10:13 of 3rd period - Snap shot by Trevor Zegras.
10:13 of 3rd period - Shot Misses the Net.
10:32 of 3rd period - Wrist shot by Scott Laughton.
10:32 of 3rd period - Shot Blocked by Brandon Carlo.
10:34 of 3rd period - Snap shot by Scott Laughton.
10:34 of 3rd period - Goal by Scott Laughton - Edmonton Oilers : 1 - Toronto Maple Leafs : 3.
10:35 of 3rd period - Mikael Backlund wins face-off versus Sam Bennett in neutral zone.
11:07 of 3rd period - Snap shot by Adrian Kempe.
11:07 of 3rd period - Shot Misses the Net.
11:27 of 3rd period - Nicolas Roy is hit by Derek Grant and loses puck.
12:29 of 3rd period - Nick Bjugstad is hit by Evan Bouchard and loses puck.
13:22 of 3rd period - Wrist shot by Jakub Voracek.
13:22 of 3rd period - Shot Misses the Net.
13:32 of 3rd period - Troy Terry is hit by Adrian Kempe and loses puck.
13:39 of 3rd period - Snap shot by David Perron.
13:39 of 3rd period - Shot Blocked by Bowen Byram.
13:51 of 3rd period - Ryan Pulock is hit by Tanner Jeannot.
14:32 of 3rd period - Brock Boeser is hit by Trevor Zegras and loses puck.
14:47 of 3rd period - Backhand shot by Mikael Backlund.
14:47 of 3rd period - Stopped by Frederik Andersen without a rebound.
14:48 of 3rd period - Boone Jenner wins face-off versus Sam Bennett in Toronto Maple Leafs zone.
14:59 of 3rd period - Snap shot by Adrian Kempe.
14:59 of 3rd period - Goal by Adrian Kempe - Edmonton Oilers : 2 - Toronto Maple Leafs : 3.
15:00 of 3rd period - Mikael Backlund wins face-off versus Sam Bennett in neutral zone.
15:02 of 3rd period - Off-side.
15:03 of 3rd period - Mikael Backlund wins face-off versus Sam Bennett in neutral zone.
15:08 of 3rd period - Slapshot by Evan Bouchard.
15:08 of 3rd period - Shot Blocked by Mario Ferraro.
15:51 of 3rd period - Off-side.
15:52 of 3rd period - Scott Laughton wins face-off versus Jeff Carter in neutral zone.
16:21 of 3rd period - Slapshot by Derek Grant.
16:21 of 3rd period - Stopped by Frederik Andersen with a rebound.
16:23 of 3rd period - Slapshot by Derek Grant.
16:23 of 3rd period - Shot Blocked by Cody Ceci.
16:25 of 3rd period - Slapshot by Jacob Trouba.
16:25 of 3rd period - Stopped by Frederik Andersen with a rebound.
16:27 of 3rd period - Slapshot by Brandon Carlo.
16:27 of 3rd period - Shot Misses the Net.
17:13 of 3rd period - Slapshot by Dawson Mercer.
17:13 of 3rd period - Shot Blocked by Nicolas Roy.
17:35 of 3rd period - Snap shot by Sam Bennett.
17:35 of 3rd period - Shot Misses the Net.
17:37 of 3rd period - Wrist shot by Aaron Ekblad.
17:37 of 3rd period - Shot Blocked by Adrian Kempe.
18:30 of 3rd period - Wrist shot by Brady Tkachuk.
18:30 of 3rd period - Shot Misses the Net.
18:32 of 3rd period - Backhand shot by Mario Ferraro.
18:32 of 3rd period - Shot Blocked by Brandon Carlo.
19:00 of 3rd period - Edmonton Oilers, Juuse Saros is pulled from the net.
19:04 of 3rd period - Snap shot by David Perron.
19:04 of 3rd period - Stopped by Frederik Andersen with a rebound.
19:06 of 3rd period - Slapshot by Jacob Trouba.
19:06 of 3rd period - Shot Misses the Net.
19:08 of 3rd period - Backhand shot by Adrian Kempe.
19:08 of 3rd period - Shot Misses the Net.
19:10 of 3rd period - Snap shot by Brandon Carlo.
19:10 of 3rd period - Deflect By Adrian Kempe.
19:10 of 3rd period - Stopped by Frederik Andersen without a rebound.
19:11 of 3rd period - Jon Cooper call a timeout for Edmonton Oilers.
19:11 of 3rd period - Boone Jenner wins face-off versus Nick Bjugstad in Toronto Maple Leafs zone.
19:22 of 3rd period - Snap shot by Adrian Kempe.
19:22 of 3rd period - Deflect By Boone Jenner.
19:22 of 3rd period - Stopped by Frederik Andersen with a rebound.
19:24 of 3rd period - Backhand shot by Brandon Carlo.
19:24 of 3rd period - Shot Blocked by Nick Bjugstad.
19:26 of 3rd period - Slapshot by Adrian Kempe.
19:26 of 3rd period - Deflect By David Perron.
19:26 of 3rd period - Stopped by Frederik Andersen with a rebound.
19:28 of 3rd period - Snap shot by Jacob Trouba.
19:28 of 3rd period - Stopped by Frederik Andersen without a rebound.
19:29 of 3rd period - Nick Bjugstad wins face-off versus Boone Jenner in Toronto Maple Leafs zone.
19:29 of 3rd period - Nick Bjugstad is hit by Adrian Kempe.
19:32 of 3rd period - Icing by Scott Laughton.
19:33 of 3rd period - Boone Jenner wins face-off versus Nick Bjugstad in Toronto Maple Leafs zone.
19:50 of 3rd period - Slapshot by Nicolas Roy.
19:50 of 3rd period - Goal by Nicolas Roy - Edmonton Oilers : 2 - Toronto Maple Leafs : 4.
19:50 of 3rd period - Juuse Saros from Edmonton Oilers was sent back in the game.
19:51 of 3rd period - Jeff Carter wins face-off versus Nicolas Roy in neutral zone.
19:56 of 3rd period - Slapshot by Scott Mayfield.
19:56 of 3rd period - Stopped by Frederik Andersen with a rebound.
19:58 of 3rd period - Snap shot by Jeff Carter.
19:58 of 3rd period - Stopped by Frederik Andersen with a rebound.
Goals for this period are 1 for Edmonton Oilers vs 3 for Toronto Maple Leafs.
Shots for this period are 15 for Edmonton Oilers vs 7 for Toronto Maple Leafs.
Back to the Top